Blue Jackets vs Sabres
Created - January 6, 2019 at 19:03
Goals
|
| Blue Jackets |
0 |
3 |
1 |
0 |
0 |
4 |
| Sabres |
1 |
2 |
1 |
0 |
1 |
5 |
|
Shots
|
| Blue Jackets |
8 |
20 |
8 |
0 |
4 |
36 |
| Sabres |
13 |
11 |
6 |
0 |
4 |
30 |
|
1st period
1. Sabres , Matt Martin 5 (Vincent Lecavalier 19) at 15:14
Penalties :
Mike Brown (Clb) for Interference (Minor) at 5:39
2nd period
2. Blue Jackets , Mike Comrie 9 (Mike York 3, Andreas Nodl 13) at 7:19
3. Blue Jackets , Marcus Nilson 10 (Pavel Datsyuk 32, Martin Havlat 34) at 7:32
4. Sabres , Zach Bogosian 9 (Mathew Dumba 4, Ryan O'Reilly 20) at 11:56 (PP)
5. Blue Jackets , Mike York 5 (Torey Krug 9) at 12:47
6. Sabres , Darren Reid 2 (Darcy Hordichuk 2, Michael Kostka 16) at 17:03
Penalties :
Ilya Kovalchuk (Buf) for Roughing (Minor) at 3:44, A.J Thelen (Clb) for Holding (Minor) at 11:47, Pavel Datsyuk (Clb) for Hooking (Minor) at 18:26
3rd period
7. Sabres , Bobby Ryan 12 (Michael Kostka 17, Ryan O'Reilly 21) at 0:10 (PP)
8. Blue Jackets , Mike Brown 12 (Peter Mueller 11, David Booth 19) at 8:57
Penalties :
Mike Brown (Clb) for Hooking (Minor) at 0:49, Rob Scuderi (Buf) for Roughing (Minor) at 17:26
Overtime #1
No Goal
Penalties :
No Penalty
Shootout
Blue Jackets, Pavel Datsyuk - Stopped by Robin Lehner
Sabres, Evander Kane - Stopped by Rick DiPietro
Blue Jackets, David Booth - Stopped by Robin Lehner
Sabres, Vincent Lecavalier - Stopped by Rick DiPietro
Blue Jackets, Martin Havlat - Stopped by Robin Lehner
Sabres, Ryan O'Reilly - Stopped by Rick DiPietro
Blue Jackets, Mike Comrie - Stopped by Robin Lehner
Sabres, Andrei Loktionov - Goal!
Penalties :
No Penalty
Goalie Stats
Rick DiPietro (Clb), 26 saves from 30 shots - (0.867), OTL, 16-13-4, 65:00 minutes
Robin Lehner (Buf), 32 saves from 36 shots - (0.889), W, 15-8-3, 65:00 minutes
Players Stats for Blue Jackets
Player Name G A P +/- PIM S H SB GA TA FO MP PP MP PK MP
------------------------------------------------------------------------------------
A.J Thelen 0 0 0 1 2 1 2 1 0 1 0/0 23:59 2:29 0:40
Andreas Nodl 0 1 1 1 0 4 0 0 0 0 0/0 13:59 0:59 0:00
Andrew Gordon 0 0 0 -1 0 0 1 0 0 0 0/0 9:15 0:44 0:00
Anthony Bitetto 0 0 0 0 0 1 0 1 0 1 0/0 15:16 0:17 2:57
Branislav Mezei 0 0 0 0 0 1 6 0 1 1 0/0 28:42 0:38 2:29
David Booth 0 1 1 1 0 0 2 1 1 0 0/0 19:08 2:06 1:04
Marcus Nilson 1 0 1 1 0 3 1 0 0 0 1/1 18:33 0:47 0:00
Martin Havlat 0 1 1 1 0 4 2 0 0 0 0/0 22:37 1:12 3:07
Mike Brown 1 0 1 1 4 5 4 0 0 0 0/0 16:08 1:48 0:28
Mike Comrie 1 0 1 1 0 2 1 0 1 0 1/9 15:48 0:45 3:07
Mike Lundin 0 0 0 -1 0 1 1 2 3 1 0/0 29:26 1:21 2:39
Mike York 1 1 2 1 0 4 1 0 0 0 1/1 14:59 0:29 1:39
Patrick O'Sullivan 0 0 0 -1 0 0 1 0 0 0 0/1 9:19 0:10 0:52
Pavel Datsyuk 0 1 1 1 2 3 3 0 1 0 13/27 21:47 1:12 1:25
Peter Mueller 0 1 1 1 0 1 1 1 0 0 5/7 16:20 1:52 0:00
Rostislav Olesz 0 0 0 -1 0 4 2 0 0 0 0/0 7:36 0:00 0:00
Ryan Wilson 0 0 0 1 0 0 0 0 0 0 0/0 9:55 1:10 0:33
Torey Krug 0 1 1 3 0 2 3 3 0 0 0/0 21:18 1:51 2:24
Players Stats for Sabres
Player Name G A P +/- PIM S H SB GA TA FO MP PP MP PK MP
------------------------------------------------------------------------------------
Andrei Loktionov 0 0 0 0 0 3 1 0 1 0 5/10 15:57 0:00 0:00
Bobby Ryan 1 0 1 0 0 6 2 0 0 1 0/0 18:36 2:23 0:00
Brad Richardson 0 0 0 -2 0 1 3 1 0 0 1/1 12:44 0:39 1:22
Brandon Sutter 0 0 0 0 0 0 0 0 0 0 7/9 12:24 0:05 1:56
Darcy Hordichuk 0 1 1 1 0 3 1 0 0 0 0/1 8:08 0:39 0:00
Darren Reid 1 0 1 0 0 3 0 1 0 0 0/0 12:55 0:00 1:50
Evander Kane 0 0 0 0 0 4 0 0 1 1 0/0 19:54 2:23 0:53
Ilya Kovalchuk 0 0 0 -1 2 0 1 0 0 0 0/1 19:29 2:49 0:02
Jared Cowen 0 0 0 -1 0 2 1 3 1 0 0/0 22:09 2:35 1:27
Kurtis Foster 0 0 0 -2 0 0 0 1 0 1 0/0 17:41 0:00 0:37
Mathew Dumba 0 1 1 -1 0 2 3 1 0 0 0/0 21:52 3:16 1:54
Matt Martin 1 0 1 -2 0 1 1 0 0 1 0/0 9:39 0:00 0:00
Michael Kostka 0 2 2 0 0 0 1 1 0 0 0/0 19:11 2:35 2:09
Rob Scuderi 0 0 0 0 2 0 3 1 0 1 0/0 23:43 0:00 0:00
Ryan O'Reilly 0 2 2 0 0 3 2 0 1 2 11/20 20:03 2:57 0:00
Vincent Lecavalier 0 1 1 -2 0 0 0 0 0 0 1/4 16:13 2:49 1:53
Zach Bogosian 1 0 1 0 0 2 1 0 0 0 0/0 25:29 3:16 1:49
Zack Kassian 0 0 0 0 0 0 3 0 0 0 0/0 19:53 2:49 0:00
3 Stars
1 - Mike York (Clb)
2 - Torey Krug (Clb)
3 - Bobby Ryan (Buf)
Power Play
Blue Jackets - 0 on 2 Attempt(s) - 0.00%
Sabres - 2 on 4 Attempt(s) - 50.00%
Penalty Kill
Blue Jackets - 2 on 4 Attempt(s) - 50.00%
- Score 0 goal in Penalty Kill
Sabres - 2 on 2 Attempt(s) - 100.00%
- Score 0 goal in Penalty Kill
Team Stat
Blue Jackets - Hits : 31 - Faceoff Wins : 21 - Blocked Shots : 9 - Penalty Minutes : 8
Sabres - Hits : 23 - Faceoff Wins : 25 - Blocked Shots : 9 - Penalty Minutes : 4
Official
Referees : Unknown
Linesman : Unknown
Game Notes
No Game Note
Finance
Level 1 -- Attendance: 5415 (90.25%) -- Ticket Income $471,105
Level 2 -- Attendance: 4465 (89.30%) -- Ticket Income $245,575
Level 3 -- Attendance: 2000 (100.00%) -- Ticket Income $58,000
Level 4 -- Attendance: 4000 (100.00%) -- Ticket Income $92,000
Luxury Box -- Attendance: 885 (88.50%) -- Ticket Income $131,865
Game was played at the Duff Garden.
Total Attendance: 16765 (93.14%)
Total Ticket Income: $998,545
Other Income: $149,782
Total Income: $1,148,327
Blue Jackets
5 vs 5 Forward
Center Left Wing Right Wing Time % Phy DF OF
1 Pavel Datsyuk Marcus Nilson Martin Havlat 40 1 2 2
2 Peter Mueller David Booth Mike Brown 30 1 2 2
3 Mike Comrie Mike York Andreas Nodl 20 1 2 2
4 Patrick O'Sullivan Rostislav Olesz Andrew Gordon 10 1 2 2
5 vs 5 Defense
Defense Defense Time % Phy DF OF
1 Mike Lundin Branislav Mezei 40 1 2 2
2 Torey Krug A.J Thelen 30 1 2 2
3 Anthony Bitetto A.J Thelen 20 1 2 2
4 Mike Lundin Branislav Mezei 10 1 2 2
PowerPlay Forward
Center Left Wing Right Wing Time % Phy DF OF
1 Pavel Datsyuk David Booth Martin Havlat 60 1 2 2
2 Peter Mueller Marcus Nilson Mike Brown 40 1 2 2
PowerPlay Defense
Defense Defense Time % Phy DF OF
1 Mike Lundin A.J Thelen 60 1 2 2
2 Torey Krug Branislav Mezei 40 1 2 2
Penalty Kill 4 Players Forward
Center Wing Time % Phy DF OF
1 Mike Comrie Martin Havlat 60 1 2 2
2 Pavel Datsyuk Mike Brown 40 1 2 2
Penalty Kill 4 Players Defense
Defense Defense Time % Phy DF OF
1 Mike Lundin Branislav Mezei 60 1 2 2
2 Torey Krug Anthony Bitetto 40 1 2 2
Penalty Kill - 3 Players Forward
Forward Time % Phy DF OF
1 Mike Comrie 60 1 2 2
2 Pavel Datsyuk 40 1 2 2
Penalty Kill - 3 Players Defense
Defense Defense Time % Phy DF OF
1 Mike Lundin Branislav Mezei 60 1 2 2
2 Torey Krug Ryan Wilson 40 1 2 2
4 vs 4 Forward
Center Wing Time % Phy DF OF
1 Pavel Datsyuk David Booth 60 1 2 2
2 Peter Mueller Martin Havlat 40 1 2 2
4 vs 4 Defense
Defense Defense Time % Phy DF OF
1 Mike Lundin Ryan Wilson 60 1 2 2
2 Torey Krug Branislav Mezei 40 1 2 2
Last Minutes Offensive
Center Left Wing Right Wing Defense Defense
Pavel Datsyuk David Booth Martin Havlat Mike Lundin Anthony Bitetto
Last Minutes Defensive
Center Left Wing Right Wing Defense Defense
Pavel Datsyuk David Booth Martin Havlat Mike Lundin Anthony Bitetto
Goaltenders
Starting : Rick DiPietro
Backup : Marek Schwarz
Extra Forwards
Normal : Andreas Nodl, Pavel Datsyuk, Mike York - PP : Andreas Nodl, Martin Havlat - PK : Mike York
Extra Defensemen
Normal : Ryan Wilson, A.J Thelen, Torey Krug - PP : Ryan Wilson - PK : A.J Thelen, Torey Krug
Penalty Shots
Pavel Datsyuk, David Booth, Martin Havlat, Mike Comrie, Mike Brown
Scratches
Dennis Wideman (Healthy), Kevin Porter (Healthy)
Sabres
5 vs 5 Forward
Center Left Wing Right Wing Time % Phy DF OF
1 Andrei Loktionov Evander Kane Bobby Ryan 39 0 1 4
2 Ryan O'Reilly Ilya Kovalchuk Zack Kassian 31 1 1 3
3 Vincent Lecavalier Matt Martin Brad Richardson 17 0 2 3
4 Brandon Sutter Darcy Hordichuk Darren Reid 13 0 2 3
5 vs 5 Defense
Defense Defense Time % Phy DF OF
1 Rob Scuderi Zach Bogosian 40 0 4 1
2 Kurtis Foster Jared Cowen 30 0 4 1
3 Michael Kostka Mathew Dumba 20 0 5 0
4 Rob Scuderi Mathew Dumba 10 0 5 0
PowerPlay Forward
Center Left Wing Right Wing Time % Phy DF OF
1 Ryan O'Reilly Evander Kane Bobby Ryan 50 0 0 5
2 Vincent Lecavalier Ilya Kovalchuk Zack Kassian 50 1 0 4
PowerPlay Defense
Defense Defense Time % Phy DF OF
1 Zach Bogosian Mathew Dumba 50 0 1 4
2 Michael Kostka Jared Cowen 50 0 1 4
Penalty Kill 4 Players Forward
Center Wing Time % Phy DF OF
1 Brandon Sutter Darren Reid 50 1 4 0
2 Vincent Lecavalier Ilya Kovalchuk 50 1 4 0
Penalty Kill 4 Players Defense
Defense Defense Time % Phy DF OF
1 Jared Cowen Zach Bogosian 50 1 4 0
2 Mathew Dumba Michael Kostka 50 1 4 0
Penalty Kill - 3 Players Forward
Forward Time % Phy DF OF
1 Brandon Sutter 60 0 5 0
2 Zack Kassian 40 0 5 0
Penalty Kill - 3 Players Defense
Defense Defense Time % Phy DF OF
1 Rob Scuderi Jared Cowen 60 0 5 0
2 Mathew Dumba Zach Bogosian 40 0 5 0
4 vs 4 Forward
Center Wing Time % Phy DF OF
1 Vincent Lecavalier Darren Reid 50 0 2 3
2 Ryan O'Reilly Zack Kassian 50 0 1 4
4 vs 4 Defense
Defense Defense Time % Phy DF OF
1 Michael Kostka Jared Cowen 50 0 4 1
2 Mathew Dumba Rob Scuderi 50 0 4 1
Last Minutes Offensive
Center Left Wing Right Wing Defense Defense
Ryan O'Reilly Evander Kane Bobby Ryan Zach Bogosian Jared Cowen
Last Minutes Defensive
Center Left Wing Right Wing Defense Defense
Brandon Sutter Evander Kane Zack Kassian Zach Bogosian Jared Cowen
Goaltenders
Starting : Robin Lehner
Backup : Jonas Hiller
Extra Forwards
Normal : Brandon Sutter, Ryan O'Reilly, Brad Richardson - PP : Bobby Ryan, Ryan O'Reilly - PK : Brad Richardson
Extra Defensemen
Normal : Zach Bogosian, Jared Cowen, Mathew Dumba - PP : Zach Bogosian - PK : Rob Scuderi, Jared Cowen
Penalty Shots
Evander Kane, Vincent Lecavalier, Ryan O'Reilly, Andrei Loktionov, Bobby Ryan
Scratches
Jakub Kindl (Healthy), Nathan Paetsch (Healthy), Scottie Upshall (Healthy), Andrew MacDonald (Healthy)
% Time on Ice - Blue Jackets
Lines # - Real PCT - Wanted PCT - Time Play
Normal Forward
1 - 36% - 40% - 18:08
2 - 27% - 30% - 13:18
3 - 22% - 20% - 11:15
4 - 15% - 10% - 7:30
Normal Defense
1 - 39% - 40% - 19:32
2 - 30% - 30% - 14:52
3 - 20% - 20% - 10:16
4 - 11% - 10% - 5:31
PP Forward
1 - 30% - 60% - 1:12
2 - 70% - 40% - 2:46
PP Defense
1 - 53% - 60% - 2:07
2 - 47% - 40% - 1:51
PK Forward
1 - 68% - 60% - 3:58
2 - 32% - 40% - 1:53
PK Defense
1 - 50% - 60% - 2:54
2 - 50% - 40% - 2:57
PK3 Forward
1 - 0% - 60%
2 - 0% - 40%
PK3 Defense
1 - 0% - 60%
2 - 0% - 40%
44 Forward
1 - 76% - 60% - 3:49
2 - 24% - 40% - 1:11
44 Defense
1 - 61% - 60% - 3:03
2 - 39% - 40% - 1:57
Last Minute Offensive - 0:00
Last Minute Defensive - 0:00
Total
Forward - 65:00
Defense - 65:00
|
% Time on Ice - Sabres
Lines # - Real PCT - Wanted PCT - Time Play
Normal Forward
1 - 35% - 39% - 17:38
2 - 31% - 31% - 15:25
3 - 19% - 17% - 9:39
4 - 15% - 13% - 7:29
Normal Defense
1 - 39% - 40% - 19:30
2 - 35% - 30% - 17:31
3 - 20% - 20% - 10:11
4 - 6% - 10% - 2:59
PP Forward
1 - 52% - 50% - 3:02
2 - 48% - 50% - 2:49
PP Defense
1 - 56% - 50% - 3:16
2 - 44% - 50% - 2:35
PK Forward
1 - 50% - 50% - 1:59
2 - 50% - 50% - 1:59
PK Defense
1 - 46% - 50% - 1:49
2 - 54% - 50% - 2:09
PK3 Forward
1 - 0% - 60%
2 - 0% - 40%
PK3 Defense
1 - 0% - 60%
2 - 0% - 40%
44 Forward
1 - 50% - 50% - 2:29
2 - 50% - 50% - 2:31
44 Defense
1 - 44% - 50% - 2:11
2 - 56% - 50% - 2:49
Last Minute Offensive - 0:00
Last Minute Defensive - 0:00
Total
Forward - 65:00
Defense - 65:00
|
Play-by-Play
1st period
0:01 of 1st period - Andrei Loktionov wins face-off versus Pavel Datsyuk in neutral zone.
0:33 of 1st period - Snap shot by Ilya Kovalchuk.
0:33 of 1st period - Shot Misses the Net.
0:37 of 1st period - Wrist shot by Ryan O'Reilly.
0:37 of 1st period - Stopped by Rick DiPietro with a rebound.
1:19 of 1st period - Wrist shot by Darcy Hordichuk.
1:19 of 1st period - Stopped by Rick DiPietro without a rebound.
1:20 of 1st period - Andrei Loktionov wins face-off versus Pavel Datsyuk in Blue Jackets zone.
1:33 of 1st period - Mathew Dumba is hit by A.J Thelen and loses puck.
1:50 of 1st period - David Booth is hit by Mathew Dumba.
2:16 of 1st period - Wrist shot by Darcy Hordichuk.
2:16 of 1st period - Shot Blocked by A.J Thelen.
2:18 of 1st period - Slapshot by Rob Scuderi.
2:18 of 1st period - Shot Blocked by Torey Krug.
2:30 of 1st period - Snap shot by Mike York.
2:30 of 1st period - Shot Blocked by Brad Richardson.
2:47 of 1st period - Slapshot by Bobby Ryan.
2:47 of 1st period - Stopped by Rick DiPietro with a rebound.
2:49 of 1st period - Snap shot by Jared Cowen.
2:49 of 1st period - Deflect By Pavel Datsyuk.
2:49 of 1st period - Stopped by Rick DiPietro with a rebound.
3:30 of 1st period - A.J Thelen is hit by Mathew Dumba and loses puck.
3:53 of 1st period - Backhand shot by Brad Richardson.
3:53 of 1st period - Stopped by Rick DiPietro with a rebound.
4:01 of 1st period - Brad Richardson is hit by Branislav Mezei and loses puck.
4:22 of 1st period - Rob Scuderi is hit by Pavel Datsyuk and loses puck.
5:10 of 1st period - Slapshot by Bobby Ryan.
5:10 of 1st period - Shot Hit the Post.
5:12 of 1st period - Snap shot by Evander Kane.
5:12 of 1st period - Shot Blocked by David Booth.
5:14 of 1st period - Backhand shot by Andrei Loktionov.
5:14 of 1st period - Stopped by Rick DiPietro with a rebound.
5:16 of 1st period - Slapshot by Bobby Ryan.
5:16 of 1st period - Stopped by Rick DiPietro with a rebound.
5:24 of 1st period - Snap shot by Bobby Ryan.
5:24 of 1st period - Shot Misses the Net.
5:26 of 1st period - Snap shot by Mathew Dumba.
5:26 of 1st period - Deflect By Bobby Ryan.
5:26 of 1st period - Stopped by Rick DiPietro with a rebound.
5:34 of 1st period - Slapshot by Evander Kane.
5:34 of 1st period - Shot Blocked by Mike Lundin.
5:39 of 1st period - Minor Penalty to Mike Brown for Interference.
5:40 of 1st period - Mike Comrie wins face-off versus Vincent Lecavalier in Blue Jackets zone.
5:40 of 1st period - Mike Comrie is hit by Zack Kassian.
6:25 of 1st period - Snap shot by Ryan O'Reilly.
6:25 of 1st period - Stopped by Rick DiPietro with a rebound.
6:27 of 1st period - Snap shot by Jared Cowen.
6:27 of 1st period - Shot Blocked by Torey Krug.
6:29 of 1st period - Slapshot by Michael Kostka.
6:29 of 1st period - Shot Misses the Net.
6:31 of 1st period - Slapshot by Michael Kostka.
6:31 of 1st period - Shot Misses the Net.
6:33 of 1st period - Wrist shot by Darcy Hordichuk.
6:33 of 1st period - Shot Misses the Net.
6:35 of 1st period - Snap shot by Brad Richardson.
6:35 of 1st period - Shot Misses the Net.
7:11 of 1st period - Mathew Dumba is hit by Pavel Datsyuk and loses puck.
7:24 of 1st period - Mathew Dumba is hit by Patrick O'Sullivan and loses puck.
7:39 of 1st period - Penalty to Mike Brown is over, Mike Brown is back on ice.
8:58 of 1st period - Kurtis Foster is hit by Rostislav Olesz and loses puck.
9:47 of 1st period - Andreas Nodl is hit by Andrei Loktionov.
10:27 of 1st period - Jared Cowen is hit by Torey Krug and loses puck.
11:00 of 1st period - Ryan Wilson is hit by Ilya Kovalchuk and loses puck.
11:36 of 1st period - Icing by Pavel Datsyuk.
11:37 of 1st period - Pavel Datsyuk wins face-off versus Ryan O'Reilly in Blue Jackets zone.
12:00 of 1st period - Wrist shot by Evander Kane.
12:00 of 1st period - Deflect By Bobby Ryan.
12:00 of 1st period - Shot Misses the Net.
12:00 of 1st period - Puck is out of play.
12:01 of 1st period - Andrei Loktionov wins face-off versus Mike Comrie in Blue Jackets zone.
12:04 of 1st period - Wrist shot by Evander Kane.
12:04 of 1st period - Stopped by Rick DiPietro without a rebound.
12:05 of 1st period - Ryan O'Reilly wins face-off versus Mike Comrie in Blue Jackets zone.
12:34 of 1st period - Snap shot by Pavel Datsyuk.
12:34 of 1st period - Stopped by Robin Lehner with a rebound.
12:36 of 1st period - Wrist shot by Martin Havlat.
12:36 of 1st period - Stopped by Robin Lehner without a rebound.
12:37 of 1st period - Marcus Nilson wins face-off versus Andrei Loktionov in Sabres zone.
12:52 of 1st period - Backhand shot by Pavel Datsyuk.
12:52 of 1st period - Stopped by Robin Lehner with a rebound.
13:02 of 1st period - Mike Brown is hit by Zack Kassian and loses puck.
13:15 of 1st period - Wrist shot by Ryan O'Reilly.
13:15 of 1st period - Stopped by Rick DiPietro with a rebound.
13:27 of 1st period - Zach Bogosian is hit by Mike Comrie and loses puck.
13:34 of 1st period - Wrist shot by Andreas Nodl.
13:34 of 1st period - Stopped by Robin Lehner with a rebound.
13:36 of 1st period - Backhand shot by Branislav Mezei.
13:36 of 1st period - Shot Blocked by Rob Scuderi.
13:54 of 1st period - Snap shot by Darren Reid.
13:54 of 1st period - Deflect By Darcy Hordichuk.
13:54 of 1st period - Stopped by Rick DiPietro without a rebound.
13:55 of 1st period - Peter Mueller wins face-off versus Ryan O'Reilly in Blue Jackets zone.
14:22 of 1st period - Kurtis Foster is hit by A.J Thelen and loses puck.
14:54 of 1st period - Andrei Loktionov is hit by Rostislav Olesz and loses puck.
15:14 of 1st period - Snap shot by Matt Martin.
15:14 of 1st period - Goal by Matt Martin - Blue Jackets : 0 - Sabres : 1.
15:15 of 1st period - Ryan O'Reilly wins face-off versus Pavel Datsyuk in neutral zone.
15:30 of 1st period - Snap shot by Pavel Datsyuk.
15:30 of 1st period - Deflect By Martin Havlat.
15:30 of 1st period - Shot Blocked by Jared Cowen.
15:30 of 1st period - Puck is out of play.
15:31 of 1st period - Andrei Loktionov wins face-off versus Peter Mueller in Sabres zone.
15:41 of 1st period - Wrist shot by Mike Brown.
15:41 of 1st period - Stopped by Robin Lehner with a rebound.
15:43 of 1st period - Slapshot by Torey Krug.
15:43 of 1st period - Stopped by Robin Lehner with a rebound.
15:45 of 1st period - Snap shot by David Booth.
15:45 of 1st period - Shot Misses the Net.
15:58 of 1st period - Snap shot by Andreas Nodl.
15:58 of 1st period - Stopped by Robin Lehner with a rebound.
16:20 of 1st period - Evander Kane is hit by Pavel Datsyuk and loses puck.
16:49 of 1st period - Wrist shot by Evander Kane.
16:49 of 1st period - Shot Blocked by Anthony Bitetto.
17:03 of 1st period - Wrist shot by Peter Mueller.
17:03 of 1st period - Shot Misses the Net.
17:05 of 1st period - Slapshot by Anthony Bitetto.
17:05 of 1st period - Stopped by Robin Lehner with a rebound.
17:07 of 1st period - Slapshot by David Booth.
17:07 of 1st period - Shot Misses the Net.
17:41 of 1st period - Snap shot by Mike York.
17:41 of 1st period - Deflect By Mike Comrie.
17:41 of 1st period - Shot Misses the Net.
17:41 of 1st period - Puck is out of play.
17:42 of 1st period - Mike York wins face-off versus Ryan O'Reilly in Sabres zone.
17:55 of 1st period - Slapshot by Jared Cowen.
17:55 of 1st period - Shot Blocked by Mike Lundin.
18:33 of 1st period - Darcy Hordichuk is hit by Mike Brown and loses puck.
18:51 of 1st period - Zach Bogosian is hit by Torey Krug and loses puck.
19:39 of 1st period - Marcus Nilson is hit by Matt Martin and loses puck.
Goals for this period are 0 for Blue Jackets vs 1 for Sabres.
Shots for this period are 8 for Blue Jackets vs 13 for Sabres.
2nd period
0:01 of 2nd period - Pavel Datsyuk wins face-off versus Ryan O'Reilly in neutral zone.
0:06 of 2nd period - Zach Bogosian is hit by Torey Krug and loses puck.
0:25 of 2nd period - Zach Bogosian is hit by David Booth and loses puck.
0:46 of 2nd period - Branislav Mezei is hit by Brad Richardson and loses puck.
1:05 of 2nd period - Slapshot by Branislav Mezei.
1:05 of 2nd period - Shot Misses the Net.
1:07 of 2nd period - Backhand shot by Rostislav Olesz.
1:07 of 2nd period - Stopped by Robin Lehner without a rebound.
1:08 of 2nd period - Brandon Sutter wins face-off versus Patrick O'Sullivan in Sabres zone.
1:15 of 2nd period - Snap shot by Rostislav Olesz.
1:15 of 2nd period - Stopped by Robin Lehner without a rebound.
1:16 of 2nd period - Ryan O'Reilly wins face-off versus Pavel Datsyuk in Sabres zone.
1:47 of 2nd period - Evander Kane is hit by Peter Mueller.
3:15 of 2nd period - Snap shot by Evander Kane.
3:15 of 2nd period - Shot Misses the Net.
3:17 of 2nd period - Snap shot by Mathew Dumba.
3:17 of 2nd period - Deflect By Anthony Bitetto.
3:17 of 2nd period - Stopped by Rick DiPietro without a rebound.
3:18 of 2nd period - Pavel Datsyuk wins face-off versus Andrei Loktionov in Blue Jackets zone.
3:18 of 2nd period - Pavel Datsyuk is hit by Zach Bogosian.
3:33 of 2nd period - Wrist shot by Marcus Nilson.
3:33 of 2nd period - Stopped by Robin Lehner without a rebound.
3:34 of 2nd period - Peter Mueller wins face-off versus Ryan O'Reilly in Sabres zone.
3:44 of 2nd period - Minor Penalty to Ilya Kovalchuk for Roughing.
3:45 of 2nd period - Pavel Datsyuk wins face-off versus Brandon Sutter in Sabres zone.
3:47 of 2nd period - Wrist shot by Martin Havlat.
3:47 of 2nd period - Stopped by Robin Lehner without a rebound.
3:48 of 2nd period - Brandon Sutter wins face-off versus Pavel Datsyuk in Sabres zone.
4:01 of 2nd period - Snap shot by Martin Havlat.
4:01 of 2nd period - Stopped by Robin Lehner without a rebound.
4:02 of 2nd period - Brandon Sutter wins face-off versus Pavel Datsyuk in Sabres zone.
4:17 of 2nd period - Slapshot by David Booth.
4:17 of 2nd period - Shot Misses the Net.
4:19 of 2nd period - Wrist shot by Martin Havlat.
4:19 of 2nd period - Stopped by Robin Lehner with a rebound.
4:37 of 2nd period - Snap shot by Marcus Nilson.
4:37 of 2nd period - Stopped by Robin Lehner with a rebound.
4:49 of 2nd period - Mathew Dumba is hit by Martin Havlat and loses puck.
5:44 of 2nd period - Penalty to Ilya Kovalchuk is over, Ilya Kovalchuk is back on ice.
6:08 of 2nd period - Snap shot by Brandon Sutter.
6:08 of 2nd period - Shot Misses the Net.
6:24 of 2nd period - Snap shot by Mike York.
6:24 of 2nd period - Stopped by Robin Lehner with a rebound.
6:55 of 2nd period - Wrist shot by Mike York.
6:55 of 2nd period - Stopped by Robin Lehner with a rebound.
7:15 of 2nd period - Snap shot by Andreas Nodl.
7:15 of 2nd period - Stopped by Robin Lehner with a rebound.
7:17 of 2nd period - Backhand shot by Mike York.
7:17 of 2nd period - Stopped by Robin Lehner with a rebound.
7:19 of 2nd period - Slapshot by Mike Comrie.
7:19 of 2nd period - Goal by Mike Comrie - Blue Jackets : 1 - Sabres : 1.
7:20 of 2nd period - Brad Richardson wins face-off versus Pavel Datsyuk in neutral zone.
7:30 of 2nd period - Snap shot by Pavel Datsyuk.
7:30 of 2nd period - Stopped by Robin Lehner with a rebound.
7:32 of 2nd period - Backhand shot by Marcus Nilson.
7:32 of 2nd period - Goal by Marcus Nilson - Blue Jackets : 2 - Sabres : 1.
7:33 of 2nd period - Pavel Datsyuk wins face-off versus Andrei Loktionov in neutral zone.
8:00 of 2nd period - Mike Brown is hit by Brad Richardson and loses puck.
8:32 of 2nd period - Ryan O'Reilly is hit by Branislav Mezei and loses puck.
8:56 of 2nd period - Wrist shot by Bobby Ryan.
8:56 of 2nd period - Stopped by Rick DiPietro with a rebound.
8:58 of 2nd period - Slapshot by Zach Bogosian.
8:58 of 2nd period - Stopped by Rick DiPietro without a rebound.
8:59 of 2nd period - Peter Mueller wins face-off versus Vincent Lecavalier in Blue Jackets zone.
8:59 of 2nd period - Peter Mueller is hit by Brad Richardson.
9:09 of 2nd period - Slapshot by Torey Krug.
9:09 of 2nd period - Stopped by Robin Lehner with a rebound.
9:45 of 2nd period - Andreas Nodl is hit by Jared Cowen and loses puck.
9:52 of 2nd period - Jared Cowen is hit by Mike Lundin and loses puck.
10:13 of 2nd period - Wrist shot by David Booth.
10:13 of 2nd period - Shot Blocked by Jared Cowen.
10:15 of 2nd period - Wrist shot by Mike Lundin.
10:15 of 2nd period - Stopped by Robin Lehner with a rebound.
10:56 of 2nd period - Snap shot by Ilya Kovalchuk.
10:56 of 2nd period - Shot Misses the Net.
10:58 of 2nd period - Slapshot by Ilya Kovalchuk.
10:58 of 2nd period - Shot Misses the Net.
11:10 of 2nd period - Wrist shot by Mike York.
11:10 of 2nd period - Shot Misses the Net.
11:12 of 2nd period - Wrist shot by Mike Comrie.
11:12 of 2nd period - Stopped by Robin Lehner with a rebound.
11:28 of 2nd period - Wrist shot by David Booth.
11:28 of 2nd period - Deflect By Mike Brown.
11:28 of 2nd period - Shot Misses the Net.
11:28 of 2nd period - Puck is out of play.
11:29 of 2nd period - Peter Mueller wins face-off versus Darcy Hordichuk in Sabres zone.
11:36 of 2nd period - Wrist shot by Peter Mueller.
11:36 of 2nd period - Stopped by Robin Lehner with a rebound.
11:47 of 2nd period - Minor Penalty to A.J Thelen for Holding.
11:48 of 2nd period - Ryan O'Reilly wins face-off versus Mike Comrie in Blue Jackets zone.
11:50 of 2nd period - Backhand shot by Evander Kane.
11:50 of 2nd period - Shot Misses the Net.
11:52 of 2nd period - Snap shot by Ryan O'Reilly.
11:52 of 2nd period - Shot Blocked by Torey Krug.
11:54 of 2nd period - Slapshot by Mathew Dumba.
11:54 of 2nd period - Stopped by Rick DiPietro with a rebound.
11:56 of 2nd period - Slapshot by Zach Bogosian.
11:56 of 2nd period - Goal by Zach Bogosian - Blue Jackets : 2 - Sabres : 2.
11:57 of 2nd period - Ryan O'Reilly wins face-off versus Pavel Datsyuk in neutral zone.
12:35 of 2nd period - Wrist shot by David Booth.
12:35 of 2nd period - Shot Misses the Net.
12:47 of 2nd period - Slapshot by Mike York.
12:47 of 2nd period - Goal by Mike York - Blue Jackets : 3 - Sabres : 2.
12:48 of 2nd period - Ryan O'Reilly wins face-off versus Pavel Datsyuk in neutral zone.
13:23 of 2nd period - Slapshot by Evander Kane.
13:23 of 2nd period - Stopped by Rick DiPietro with a rebound.
13:25 of 2nd period - Wrist shot by Mathew Dumba.
13:25 of 2nd period - Deflect By Evander Kane.
13:25 of 2nd period - Stopped by Rick DiPietro with a rebound.
13:35 of 2nd period - Matt Martin is hit by Mike York and loses puck.
15:21 of 2nd period - Darren Reid is hit by Martin Havlat and loses puck.
15:38 of 2nd period - Michael Kostka is hit by Andrew Gordon and loses puck.
15:49 of 2nd period - Wrist shot by Andrew Gordon.
15:49 of 2nd period - Deflect By Rostislav Olesz.
15:49 of 2nd period - Stopped by Robin Lehner without a rebound.
15:50 of 2nd period - Ryan O'Reilly wins face-off versus Pavel Datsyuk in Sabres zone.
16:04 of 2nd period - Branislav Mezei is hit by Ryan O'Reilly.
16:16 of 2nd period - Branislav Mezei is hit by Bobby Ryan and loses puck.
16:59 of 2nd period - Slapshot by Darcy Hordichuk.
16:59 of 2nd period - Deflect By Darren Reid.
16:59 of 2nd period - Stopped by Rick DiPietro with a rebound.
17:01 of 2nd period - Slapshot by Darcy Hordichuk.
17:01 of 2nd period - Stopped by Rick DiPietro with a rebound.
17:03 of 2nd period - Wrist shot by Darren Reid.
17:03 of 2nd period - Goal by Darren Reid - Blue Jackets : 3 - Sabres : 3.
17:04 of 2nd period - Pavel Datsyuk wins face-off versus Ilya Kovalchuk in neutral zone.
17:58 of 2nd period - A.J Thelen is hit by Bobby Ryan and loses puck.
18:23 of 2nd period - Slapshot by Evander Kane.
18:23 of 2nd period - Stopped by Rick DiPietro without a rebound.
18:24 of 2nd period - Pavel Datsyuk wins face-off versus Ryan O'Reilly in Blue Jackets zone.
18:26 of 2nd period - Minor Penalty to Pavel Datsyuk for Hooking.
18:27 of 2nd period - Vincent Lecavalier wins face-off versus Mike Comrie in Blue Jackets zone.
Goals for this period are 3 for Blue Jackets vs 2 for Sabres.
Shots for this period are 20 for Blue Jackets vs 11 for Sabres.
3rd period
0:01 of 3rd period - Ryan O'Reilly wins face-off versus Mike Comrie in neutral zone.
0:10 of 3rd period - Backhand shot by Bobby Ryan.
0:10 of 3rd period - Goal by Bobby Ryan - Blue Jackets : 3 - Sabres : 4.
0:11 of 3rd period - Ryan O'Reilly wins face-off versus Pavel Datsyuk in neutral zone.
0:49 of 3rd period - Minor Penalty to Mike Brown for Hooking.
0:50 of 3rd period - Ryan O'Reilly wins face-off versus Mike Comrie in Blue Jackets zone.
1:03 of 3rd period - Wrist shot by Evander Kane.
1:03 of 3rd period - Shot Misses the Net.
1:05 of 3rd period - Slapshot by Jared Cowen.
1:05 of 3rd period - Stopped by Rick DiPietro with a rebound.
2:42 of 3rd period - Icing by Zach Bogosian.
2:43 of 3rd period - Pavel Datsyuk wins face-off versus Ryan O'Reilly in Sabres zone.
2:49 of 3rd period - Penalty to Mike Brown is over, Mike Brown is back on ice.
3:25 of 3rd period - Brad Richardson is hit by Mike Brown and loses puck.
3:46 of 3rd period - Snap shot by Martin Havlat.
3:46 of 3rd period - Shot Blocked by Kurtis Foster.
3:48 of 3rd period - Slapshot by Branislav Mezei.
3:48 of 3rd period - Shot Blocked by Jared Cowen.
4:33 of 3rd period - Darcy Hordichuk is hit by Branislav Mezei and loses puck.
5:16 of 3rd period - Snap shot by Andreas Nodl.
5:16 of 3rd period - Shot Misses the Net.
5:22 of 3rd period - Slapshot by Mike York.
5:22 of 3rd period - Shot Misses the Net.
5:34 of 3rd period - Peter Mueller is hit by Darcy Hordichuk and loses puck.
5:40 of 3rd period - Icing by Mike Brown.
5:41 of 3rd period - Peter Mueller wins face-off versus Brandon Sutter in Blue Jackets zone.
5:46 of 3rd period - Darren Reid is hit by David Booth and loses puck.
6:26 of 3rd period - Martin Havlat is hit by Zack Kassian and loses puck.
6:41 of 3rd period - Vincent Lecavalier is hit by Branislav Mezei and loses puck.
6:54 of 3rd period - Slapshot by Rostislav Olesz.
6:54 of 3rd period - Stopped by Robin Lehner without a rebound.
6:55 of 3rd period - Andrei Loktionov wins face-off versus Pavel Datsyuk in Sabres zone.
8:57 of 3rd period - Backhand shot by Mike Brown.
8:57 of 3rd period - Goal by Mike Brown - Blue Jackets : 4 - Sabres : 4.
8:58 of 3rd period - Pavel Datsyuk wins face-off versus Ryan O'Reilly in neutral zone.
10:13 of 3rd period - Wrist shot by Martin Havlat.
10:13 of 3rd period - Shot Misses the Net.
10:23 of 3rd period - Darcy Hordichuk is hit by Branislav Mezei and loses puck.
10:30 of 3rd period - Snap shot by Patrick O'Sullivan.
10:30 of 3rd period - Shot Blocked by Darren Reid.
10:32 of 3rd period - Slapshot by A.J Thelen.
10:32 of 3rd period - Stopped by Robin Lehner with a rebound.
10:50 of 3rd period - Wrist shot by Mike York.
10:50 of 3rd period - Shot Misses the Net.
10:52 of 3rd period - Snap shot by Mike York.
10:52 of 3rd period - Shot Misses the Net.
11:08 of 3rd period - Snap shot by Evander Kane.
11:08 of 3rd period - Shot Blocked by Peter Mueller.
11:10 of 3rd period - Snap shot by Bobby Ryan.
11:10 of 3rd period - Stopped by Rick DiPietro with a rebound.
11:12 of 3rd period - Snap shot by Bobby Ryan.
11:12 of 3rd period - Shot Misses the Net.
11:26 of 3rd period - Darren Reid is hit by Marcus Nilson and loses puck.
12:01 of 3rd period - Slapshot by Andreas Nodl.
12:01 of 3rd period - Shot Misses the Net.
12:07 of 3rd period - Slapshot by Andreas Nodl.
12:07 of 3rd period - Stopped by Robin Lehner without a rebound.
12:08 of 3rd period - Ryan O'Reilly wins face-off versus Pavel Datsyuk in Sabres zone.
12:33 of 3rd period - David Booth is hit by Mathew Dumba and loses puck.
12:40 of 3rd period - Snap shot by Bobby Ryan.
12:40 of 3rd period - Shot Misses the Net.
12:42 of 3rd period - Slapshot by Evander Kane.
12:42 of 3rd period - Deflect By Andrei Loktionov.
12:42 of 3rd period - Stopped by Rick DiPietro without a rebound.
12:43 of 3rd period - Pavel Datsyuk wins face-off versus Andrei Loktionov in Blue Jackets zone.
13:12 of 3rd period - Snap shot by Peter Mueller.
13:12 of 3rd period - Shot Misses the Net.
13:14 of 3rd period - Snap shot by Branislav Mezei.
13:14 of 3rd period - Shot Blocked by Mathew Dumba.
13:16 of 3rd period - Slapshot by Branislav Mezei.
13:16 of 3rd period - Shot Misses the Net.
13:18 of 3rd period - Snap shot by David Booth.
13:18 of 3rd period - Shot Blocked by Michael Kostka.
13:20 of 3rd period - Slapshot by Branislav Mezei.
13:20 of 3rd period - Deflect By Mike Brown.
13:20 of 3rd period - Stopped by Robin Lehner with a rebound.
13:22 of 3rd period - Wrist shot by Mike Brown.
13:22 of 3rd period - Stopped by Robin Lehner with a rebound.
13:24 of 3rd period - Wrist shot by Mike Brown.
13:24 of 3rd period - Stopped by Robin Lehner with a rebound.
13:31 of 3rd period - Icing by Michael Kostka.
13:32 of 3rd period - Brandon Sutter wins face-off versus Mike Comrie in Sabres zone.
13:34 of 3rd period - Icing by Michael Kostka.
13:35 of 3rd period - Brandon Sutter wins face-off versus Mike Comrie in Sabres zone.
13:46 of 3rd period - Snap shot by Darcy Hordichuk.
13:46 of 3rd period - Shot Misses the Net.
13:50 of 3rd period - Snap shot by Darren Reid.
13:50 of 3rd period - Stopped by Rick DiPietro with a rebound.
14:14 of 3rd period - Snap shot by Andrei Loktionov.
14:14 of 3rd period - Stopped by Rick DiPietro without a rebound.
14:15 of 3rd period - Pavel Datsyuk wins face-off versus Ryan O'Reilly in Blue Jackets zone.
14:20 of 3rd period - Ilya Kovalchuk is hit by Branislav Mezei and loses puck.
15:20 of 3rd period - Branislav Mezei is hit by Ryan O'Reilly and loses puck.
16:34 of 3rd period - Icing by Marcus Nilson.
16:35 of 3rd period - Pavel Datsyuk wins face-off versus Andrei Loktionov in Blue Jackets zone.
16:50 of 3rd period - Slapshot by Branislav Mezei.
16:50 of 3rd period - Stopped by Robin Lehner with a rebound.
16:52 of 3rd period - Slapshot by Martin Havlat.
16:52 of 3rd period - Shot Misses the Net.
17:26 of 3rd period - Minor Penalty to Rob Scuderi for Roughing.
17:27 of 3rd period - Brandon Sutter wins face-off versus Peter Mueller in Sabres zone.
17:27 of 3rd period - Brandon Sutter is hit by Mike Brown.
17:59 of 3rd period - Brandon Sutter is hit by Mike Brown and loses puck.
19:26 of 3rd period - Penalty to Rob Scuderi is over, Rob Scuderi is back on ice.
Goals for this period are 1 for Blue Jackets vs 1 for Sabres.
Shots for this period are 8 for Blue Jackets vs 6 for Sabres.
Overtime #1
0:01 of 1st overtime period - Pavel Datsyuk wins face-off versus Vincent Lecavalier in neutral zone.
0:25 of 1st overtime period - Pavel Datsyuk is hit by Michael Kostka and loses puck.
0:36 of 1st overtime period - Snap shot by Zack Kassian.
0:36 of 1st overtime period - Shot Misses the Net.
1:50 of 1st overtime period - Mike Comrie is hit by Rob Scuderi and loses puck.
2:50 of 1st overtime period - Icing by Darren Reid.
2:51 of 1st overtime period - Brandon Sutter wins face-off versus Pavel Datsyuk in Sabres zone.
2:58 of 1st overtime period - Pavel Datsyuk is hit by Rob Scuderi and loses puck.
3:15 of 1st overtime period - Wrist shot by Peter Mueller.
3:15 of 1st overtime period - Shot Hit the Post.
4:17 of 1st overtime period - Peter Mueller is hit by Rob Scuderi and loses puck.
Goals for this period are 0 for Blue Jackets vs 0 for Sabres.
Shots for this period are 0 for Blue Jackets vs 0 for Sabres.
ShootOut
5:00 of 1st overtime period - Round #1.
5:00 of 1st overtime period - Blue Jackets, Pavel Datsyuk.
5:00 of 1st overtime period - Snap shot by Pavel Datsyuk.
5:00 of 1st overtime period - Stopped by Robin Lehner.
5:00 of 1st overtime period - Sabres, Evander Kane.
5:00 of 1st overtime period - Snap shot by Evander Kane.
5:00 of 1st overtime period - Stopped by Rick DiPietro.
5:00 of 1st overtime period - Round #2.
5:00 of 1st overtime period - Blue Jackets, David Booth.
5:00 of 1st overtime period - Wrist shot by David Booth.
5:00 of 1st overtime period - Stopped by Robin Lehner.
5:00 of 1st overtime period - Sabres, Vincent Lecavalier.
5:00 of 1st overtime period - Backhand shot by Vincent Lecavalier.
5:00 of 1st overtime period - Stopped by Rick DiPietro.
5:00 of 1st overtime period - Round #3.
5:00 of 1st overtime period - Blue Jackets, Martin Havlat.
5:00 of 1st overtime period - Snap shot by Martin Havlat.
5:00 of 1st overtime period - Stopped by Robin Lehner.
5:00 of 1st overtime period - Sabres, Ryan O'Reilly.
5:00 of 1st overtime period - Snap shot by Ryan O'Reilly.
5:00 of 1st overtime period - Stopped by Rick DiPietro.
5:00 of 1st overtime period - Round #4.
5:00 of 1st overtime period - Blue Jackets, Mike Comrie.
5:00 of 1st overtime period - Wrist shot by Mike Comrie.
5:00 of 1st overtime period - Stopped by Robin Lehner.
5:00 of 1st overtime period - Sabres, Andrei Loktionov.
5:00 of 1st overtime period - Snap shot by Andrei Loktionov.
5:00 of 1st overtime period - Goal by Andrei Loktionov.
Back to the Top